 Dungeon Crawl Stone Soup version 0.23-a0-296-ga3b1b28 (webtiles) character file.

2629 DapperDogman the Cleaver (level 9, -9/78 (79) HPs)
             Began as a Minotaur Fighter on Oct 5, 2018.
             Was an Initiate of Makhleb.
             Mangled by a yak (12 damage)
             ... on level 7 of the Dungeon.
             The game lasted 00:15:21 (6191 turns).

DapperDogman the Cleaver (Minotaur Fighter)         Turns: 6191, Time: 00:15:22

HP:   -9/78 (79)    AC:  9    Str: 24    XL:     9   Next: 35%
MP:   8/8           EV:  8    Int:  5    God:    Makhleb [......]
Gold: 399           SH: 12    Dex: 10    Spells: 8/8 levels left

rFire    . . .     SeeInvis .   a - +0 war axe
rCold    . . .     Gourm    .   c - +1 shield
rNeg     . . .     Faith    .   b - +0 scale mail
rPois    .         Spirit   .   (helmet restricted)
rElec    .         Reflect  .   (no cloak)
rCorr    .         Harm     .   g - +0 pair of gloves
MR       .....                  (no boots)
Stlth    ..........             (no amulet)
HPRegen  0.23/turn              (no ring)
MPRegen  0.11/turn              (no ring)

@: no status effects
A: retaliatory headbutt, horns 2
a: Renounce Religion


You were on level 7 of the Dungeon.
You worshipped Makhleb.
Makhleb was noncommittal.
You were not hungry.

You visited 2 branches of the dungeon, and saw 9 of its levels.

You collected 399 gold pieces.

Inventory:

Hand Weapons
 a - a +0 war axe (weapon)
 t - a +0 shortbow
Missiles
 s - 36 arrows
Armour
 b - a +0 scale mail (worn)
 c - a +1 shield (worn)
 g - a +0 pair of gloves (worn)
Jewellery
 q - a +2 ring of slaying {unknown}
 r - an uncursed amulet of regeneration {unknown}
 v - an uncursed ring of flight {unknown}
Wands
 u - a wand of flame (29)
 w - a wand of disintegration (10)
 B - a wand of paralysis (10)
 C - a wand of scattershot (4)
Scrolls
 e - 2 scrolls of immolation
 h - 4 scrolls of fog
 j - 3 scrolls of teleportation
 l - 5 scrolls of remove curse
 n - 8 scrolls of identify
 x - 2 scrolls of enchant weapon {unknown}
 y - a scroll of enchant armour
 D - a scroll of amnesia {unknown}
Potions
 d - a potion of might
 i - 2 potions of heal wounds {unknown}
 k - 2 potions of curing {unknown}
 m - 3 potions of berserk rage {unknown}
 o - 2 potions of haste {unknown}
 p - 2 potions of cancellation {unknown}
 z - 2 potions of invisibility {unknown}
 A - a potion of magic {unknown}
Comestibles
 f - 9 rations


   Skills:
 + Level 7.0 Fighting
 + Level 10.2 Axes
 + Level 8.0 Armour
 - Level 0.9 Dodging
 + Level 7.4 Shields
 + Level 1.1 Evocations


You had 8 spell levels left.
You didn't know any spells.
Your spell library contained the following spells:

 Spells                   Type           Power        Failure   Level  Hunger
 Magic Dart               Conj           #...         97%         1    ##.....
 Blink                    Tloc           N/A          99%         2    ###....
 Call Imp                 Summ           #.......     99%         2    ###....
 Slow                     Hex            #.......     99%         2    ###....
 Conjure Flame            Conj/Fire      #.......     100%        3    ####...
 Mephitic Cloud           Conj/Pois/Air  #.......     100%        3    ####...


Dungeon Overview and Level Annotations

Branches:
Dungeon (8/15)             Temple (1/1) D:5
   Lair: D:8-11

Altars:
Ashenzari
Cheibriados
Dithmenos
Elyvilon
Fedhas
Gozag
Hepliaklqana
Kikubaaqudgha
Makhleb
Nemelex Xobeh
Okawaru
Qazlal
Ru
Sif Muna
Trog
Uskayaw
Vehumet
Wu Jian
Xom
Yredelemnul
Zin

Shops:
D:5 =


Innate Abilities, Weirdness & Mutations

You reflexively headbutt those who attack you in melee.
You have a pair of horns on your head.


Message History

You hit the yak but do no damage. You headbutt the yak, but do no damage.
The yak is moderately wounded.
You miss the hound. You block the hound's attack. The hound bites you.
* * * LOW HITPOINT WARNING * * *
The yak gores you.
* * * LOW HITPOINT WARNING * * *
You feel sick. The hound barely misses you. You block the hound's attack.
You miss the hound.
The hound is almost dead.
You slash the yak!
You feel sick.
You are no longer poisoned.
You block the hound's attack. You block the yak's attack.
You slice the hound!!
You kill the hound!
Makhleb accepts your kill.
Your Armour skill increases to level 8!
You hit the yak. The yak gores you!
You die...

#............### #.......
#..............# #.......
#..............# #.......
#...####.......#######.......
#...# #.....................
##.## #........)............
#...# #................#####
#...# ##÷.........(.....#
#8_8# #.....@†..........# ##
##### #......Y..........# #.
#.#######.........# #.
#.......#.........####.
##'#####.###.........##.
##...## #.# #>...........
#.≈.≈.# #.# #.........##.
#≈≈.≈≈###.###............
#≈≈_≈≈#....###....÷...##.


You could see a yak.

Vanquished Creatures
  Prince Ribbit (D:6)
  An orc warrior (D:6)
  An ice beast (D:7)
  A black bear (D:4)
  A necrophage (D:7)
  4 phantoms
  A centaur (D:5)
  A big kobold (D:7)
  3 bullfrogs (D:6)
  A water moccasin zombie (D:6)
  A scorpion (D:5)
  3 killer bees (D:8)
  3 howler monkeys
  A centaur zombie (D:7)
  6 crimson imps
  A bullfrog zombie (D:6)
  3 hounds
  3 orc priests
  A jelly (D:7)
  A centaur skeleton (D:5)
  A bullfrog skeleton (D:4)
  An iguana (D:4)
  4 orc wizards
  Natasha (thrice) (D:2 D:4)
  2 worker ants
  A worker ant zombie (D:6)
  5 adders
  4 gnolls (D:7)
  An adder zombie (D:7)
  An ooze (D:5)
  An adder skeleton (D:4)
  2 worms
  2 dart slugs
  3 leopard geckos
  23 orcs
  6 giant cockroaches
  7 goblins
  6 hobgoblins
  15 jackals
  9 kobolds
  3 quokkas
  4 ball pythons
  10 bats
  4 frilled lizards
  4 rats
160 creatures vanquished.

Notes
Turn   | Place    | Note
-------+----------+-------------------------------------------
     0 | D:1      | DapperDogman the Minotaur Fighter began the quest for the
                  | Orb.
     0 | D:1      | Reached XP level 1. HP: 19/19 MP: 0/0
   440 | D:1      | Reached XP level 2. HP: 25/27 MP: 1/1
  1038 | D:2      | Noticed Natasha
  1043 | D:2      | Killed Natasha
  1043 | D:2      | Reached XP level 3. HP: 21/33 MP: 2/2
  1212 | D:2      | Noticed Natasha
  1225 | D:2      | Killed Natasha
  1225 | D:2      | Reached skill level 3 in Axes
  1225 | D:2      | Reached XP level 4. HP: 17/40 MP: 3/3
  2213 | D:3      | Found a shadowy altar of Dithmenos.
  2429 | D:3      | Reached XP level 5. HP: 46/46 MP: 4/4
  2616 | D:3      | Found a hazy altar of Hepliaklqana.
  2738 | D:4      | Noticed Natasha
  2758 | D:4      | Killed Natasha
  2758 | D:4      | Reached skill level 4 in Axes
  2758 | D:4      | Reached skill level 5 in Armour
  2977 | D:4      | Reached skill level 5 in Shields
  2980 | D:4      | Reached XP level 6. HP: 28/53 MP: 5/5
  2993 | D:5      | Entered Level 5 of the Dungeon
  3231 | D:4      | Found a blossoming altar of Fedhas.
  3403 | D:4      | Found a glowing silver altar of Zin.
  3474 | D:4      | Reached skill level 5 in Axes
  3593 | D:5      | Found a staircase to the Ecumenical Temple.
  3610 | Temple   | Entered the Ecumenical Temple
  3819 | D:5      | Reached XP level 7. HP: 41/60 MP: 6/6
  4122 | D:5      | Reached skill level 6 in Axes
  4223 | D:5      | Reached skill level 5 in Fighting
  4482 | D:5      | Found Ylata's Jewellery Shoppe.
  4635 | D:6      | Found a sacrificial altar of Ru.
  4861 | D:6      | Reached skill level 7 in Axes
  4874 | D:6      | Reached XP level 8. HP: 11/69 MP: 7/7
  5216 | D:6      | Noticed Prince Ribbit
  5248 | D:6      | Killed Prince Ribbit
  5248 | D:6      | Reached skill level 8 in Axes
  5478 | D:6      | Reached skill level 1 in Evocations
  5622 | D:7      | Reached skill level 9 in Axes
  5827 | D:7      | Reached XP level 9. HP: 78/78 MP: 8/8
  5963 | D:7      | Found an opulent altar of Gozag.
  6037 | D:7      | Found a burning altar of Makhleb.
  6045 | D:7      | Became a worshipper of Makhleb the Destroyer
  6148 | D:8      | Reached skill level 10 in Axes
  6185 | D:7      | HP: 3/78 [yak (5)]
  6190 | D:7      | HP: 2/78 [poisoned by a killer bee]
  6191 | D:7      | Mangled by a yak

Vault maps used:
D:1:      minmay_arrival_glassed_features
D:2:      minmay_item_behind_shaft, minmay_misc_feat_tiny, uniq_natasha
D:3:      nicolae_overflow_crystal_walls, nicolae_overflow_hidden_temple
D:4:      black_bear_nest_1, lemuel_crystal_altar, zin_scriptorium, first_ration
D:5:      minmay_temple_entry_water_ring, serial_shops,
          nicolae_shop_behind_doors, minmay_misc_feat_chi,
          mrwooster_statue_mirror
D:6:      nicolae_ru_path_of_blood, uniq_prince_ribbit1
D:7:      makhleb_grotto_becter, grunt_gozag_breadcrumbs
D:8:      lemuel_coloured_pillars_altar, erik_lair_orcish_takeover
Temple:   nicolae_temple_great_sept

Skill      XL: |  1  2  3  4  5  6  7  8  9 |
---------------+----------------------------+-----
Armour         | 4 5 6 7 8 |  8.0
Fighting       | 4 5 6 7 |  7.0
Shields        | 4 5 6 7 |  7.4
Axes           | 3 4 5 7 9 10 | 10.2
Evocations     | 1 |  1.1
Dodging        | |  0.9

Action                   |  1- 3 |  4- 6 |  7- 9 || total
-------------------------+-------+-------+-------++-------
Melee: War axe           |    64 |   120 |   243 ||   427
       Headbutt          |     6 |    21 |    46 ||    73
Evoke: Wand              |       |       |     7 ||     7
  Use: Scroll            |       |     8 |       ||     8
  Eat: Chunk             |       |     9 |     4 ||    13
       Ration            |       |       |     2 ||     2
Armor: Scale mail        |    28 |    65 |    71 ||   164
Dodge: Dodged            |    20 |    60 |    79 ||   159
Block: Shield            |    46 |    72 |   139 ||   257

Table legend:
 A = Non-vault XP
 B = Vault XP
 C = Vault XP percentage of total XP
 D = Non-vault monster count
 E = Vault monster count
 F = Vault count percentage of total count
                 A         B        C        D         E       F
            +---------+---------+-------+---------+---------+-------
      Total |    3269 |     488 |  13.0 |     156 |       4 |   2.5
            +---------+---------+-------+---------+---------+-------
        D:1 |      26 |       0 |   0.0 |      17 |       0 |   0.0
        D:2 |      98 |      35 |  26.3 |      21 |       1 |   4.5
        D:3 |      39 |       0 |   0.0 |      15 |       0 |   0.0
        D:4 |     289 |     126 |  30.4 |      25 |       1 |   3.8
        D:5 |     502 |       0 |   0.0 |      18 |       0 |   0.0
        D:6 |     958 |     277 |  22.4 |      25 |       1 |   3.8
        D:7 |     737 |      50 |   6.4 |      26 |       1 |   3.7
        D:8 |     620 |       0 |   0.0 |       9 |       0 |   0.0
            +---------+---------+-------+---------+---------+-------
